Map: Tours du crépuscule

Players

AliBaBaZ

  • Race: Terran Terran
  • League: Silver
  • Spawn Location: 7:00

zidar - Winner!

  • Race: Zerg Zerg
  • League: Gold
  • Spawn Location: 1:00

VOD

Have the link to the VOD?

Description

Time

  • Played on: June 4, 2016, 10:44 a.m.
  • Length: 14:26
Show
View Real Time Build Order
Export as new Build Order

AliBaBaZ Terran 

Build Orders:  

Get SALT Encoding   

  12  0:01  SCV  
  13  0:13  SCV  
  14  0:18  Supply Depot  
  14  0:25  SCV  
  15  0:30  Refinery  
  15  0:39  SCV  
  16  0:45  Barracks  
  16  0:51  SCV  
  17  0:59  Supply Depot  
  17  1:03  SCV  
  18  1:11  Refinery  
  18  1:16  SCV  
  19  1:28  Barracks  
  19  1:32  SCV  
  20  1:36  Marine  
  21  1:49  Factory  
  22  2:00  Orbital Command  
  21  2:10  Barracks Reactor  
  21  2:19  Barracks Tech Lab  
  21  2:25  Engineering Bay  
  21  2:27  Supply Depot  
  21  2:31  SCV  
  22  2:43  Starport  
  22  2:46  Factory Tech Lab  
  22  2:50  Marine  
  23  2:53  Marine  
  23  2:56  Marine  
  25  3:06  Supply Depot  
  25  3:08  SCV  
  26  3:20  SCV  
  27  3:34  SCV  
  27  3:37  Command Center  
  28  3:45  Siege Tank  
  33  3:55  Marine x2, Marauder  
  33  4:00  Stimpack  
  35  4:14  SCV, Supply Depot  
  36  4:24  Missile Turret  
  36  4:27  Missile Turret  
  36  4:28  SCV  
  36  4:30  Starport Reactor  
  37  4:32  Marauder  
  37  4:33  Marine  
  37  4:35  Marine  
  41  4:45  SCV  
  42  4:54  Barracks, Supply Depot  
  42  4:57  SCV  
  43  5:00  SCV  
  44  5:08  Missile Turret  
  44  5:09  Marine x2  
  44  5:13  SCV  
  47  5:20  Engineering Bay  
  47  5:23  Terran Infantry Weapons Level 1  
  47  5:28  Marauder  
  49  5:35  SCV  
  49  5:36  Supply Depot  
  49  5:37  SCV  
  51  5:43  Marine  
  51  5:44  Marine  
  51  5:46  Barracks Reactor  
  51  5:48  Medivac  
  55  5:53  Liberator  
  55  5:54  SCV  
  55  5:55  SCV  
  57  6:01  Combat Shield  
  57  6:02  Supply Depot  
  57  6:03  Marine x2  
  62  6:17  SCV x2  
  64  6:19  Terran Infantry Armor Level 1  
  64  6:25  Armory  
  64  6:31  Marine  
  64  6:32  Marine  
  68  6:33  Marauder  
  68  6:37  Marine  
  68  6:38  Marine  
  70  6:44  Armory  
  70  6:45  Supply Depot  
  70  6:46  SCV  
  71  6:47  SCV  
  71  6:51  Refinery  
  72  6:55  Refinery  
  72  6:58  SCV  
  73  7:06  Siege Tank  
  73  7:08  Medivac  
  78  7:10  Viking  
  80  7:16  Terran Ship Weapons Level 1  
  80  7:22  SCV, Supply Depot  
  81  7:23  SCV  
  81  7:29  Barracks  
  82  7:31  Marine x2  
  82  7:34  Marauder  
  82  7:35  Marine  
  87  7:37  Marine  
  88  7:48  Marine, Terran Vehicle Weapons Level 1  
  89  7:54  SCV x2  
  91  8:03  Command Center  
  91  8:14  Thor  
  91  8:17  Marine x2  
  99  8:21  Marine x2  
  99  8:26  Marauder  
  103  8:28  Concussive Shells  
  103  8:31  Barracks Tech Lab  
  103  8:42  Supply Depot  
  103  8:45  Orbital Command  
  103  8:49  Terran Infantry Weapons Level 2  
  103  8:53  Terran Infantry Armor Level 2  
  103  9:01  SCV  
  104  9:03  Siege Tank  
  104  9:09  Supply Depot  
  107  9:12  Marine x2  
  107  9:13  SCV  
  107  9:15  Marauder  
  112  9:18  Medivac  
  112  9:24  Viking  
  116  9:37  Missile Turret  
  116  9:57  Supply Depot  
  116  9:59  Marine x2  
  117  10:00  Marauder, Bunker  
  117  10:01  Marine x2, Marauder  
  117  10:03  Thor  
  117  10:06  Medivac  
  132  10:09  Missile Turret  
  132  10:11  Planetary Fortress  
  132  10:19  Supply Depot  
  132  10:24  Terran Ship Weapons Level 2, Terran Vehicle And Ship Armor Level 1  
  132  10:28  Marine  
  133  10:36  Missile Turret  
  133  10:42  Supply Depot  
  133  10:47  Marine x2  
  133  10:48  Marine  
  133  10:49  Marauder  
  138  10:50  Marine  
  138  10:52  Marauder  
  141  10:59  Supply Depot  
  141  11:04  Viking  
  143  11:13  Marauder  
  143  11:14  Marauder  
  143  11:16  Marine  
  148  11:21  Medivac  
  150  11:30  SCV x2  
  150  11:32  SCV  
  153  11:35  Medivac  
  153  11:39  Marauder  
  157  11:42  Marauder  
  159  11:55  Supply Depot  
  159  11:58  Marine  
  159  11:59  Marine  
  159  12:00  Marauder  
  163  12:02  Marine  
  163  12:03  Marauder  
  163  12:08  Medivac  
  168  12:10  Refinery x2  
  168  12:23  SCV  
  168  12:24  SCV  
  170  12:32  Marauder  
  170  12:33  Marine, Marauder  
  170  12:35  Marine  
  176  12:37  Barracks  
  176  12:43  Supply Depot  
  176  12:44  Viking  
  176  12:45  Medivac  
  180  13:13  Command Center  
  180  13:20  Marine x2  
  180  13:21  Marauder  
  180  13:22  Marine x2, Marauder  
  188  13:31  Supply Depot  
  188  13:46  Marine  
  189  13:50  Marine x3, Marauder  
  189  13:51  Marauder  
  66  14:03  Marine  
  66  14:08  Marine x3  
Show
View Real Time Build Order
Export as new Build Order

zidar Zerg - Winner!

Build Orders: Hatch First, Muta Ling Bane 

Get SALT Encoding   

  12  0:01  Drone  
  13  0:12  Overlord  
  13  0:17  Drone  
  14  0:30  Drone x2  
  14  0:34  Drone  
  17  0:56  Hatchery  
  16  0:58  Drone  
  16  1:01  Extractor  
  16  1:03  Drone  
  17  1:19  Spawning Pool  
  17  1:21  Drone  
  17  1:27  Drone  
  17  1:30  Drone  
  19  1:40  Overlord  
  19  1:49  Drone  
  20  2:04  Drone  
  20  2:07  Metabolic Boost  
  21  2:10  Zergling x2  
  22  2:29  Queen x2  
  24  2:32  Drone x3  
  29  2:49  Drone x4  
  33  3:02  Baneling Nest  
  33  3:05  Pneumatized Carapace  
  32  3:17  Extractor  
  31  3:26  Hatchery  
  30  3:32  Zergling x12  
  36  3:52  Overlord x3  
  36  4:14  Lair  
  36  4:18  Drone x3  
  36  4:22  Drone x3  
  42  4:26  Extractor  
  42  4:28  Extractor  
  40  4:36  Baneling x6  
  40  4:38  Zergling x4  
  40  4:41  Queen  
  44  4:46  Drone x5  
  44  4:47  Drone  
  50  5:20  Drone x11  
  61  5:34  Spire  
  60  5:36  Evolution Chamber  
  60  5:38  Evolution Chamber  
  58  5:44  Drone x4  
  58  5:47  Overlord x2  
  58  5:48  Overlord  
  62  5:54  Overseer  
  62  6:00  Drone x4  
  62  6:03  Centrifical Hooks  
  66  6:07  Zerg Ground Armor Level 1, Zerg Melee Weapons Level 1  
  66  6:35  Zergling x40  
  66  6:37  Baneling  
  66  6:39  Baneling x5  
  86  6:48  Overlord x3  
  86  6:52  Drone  
  87  6:58  Mutalisk  
  89  7:02  Zergling x2  
  90  7:09  Mutalisk x6  
  90  7:15  Drone  
  103  7:20  Extractor  
  103  7:22  Extractor  
  101  7:23  Zerg Flyer Weapons Level 1  
  101  7:27  Baneling  
  101  7:28  Baneling x3  
  101  7:29  Baneling  
  101  7:32  Zergling x22  
  112  7:41  Drone  
  113  8:16  Hatchery  
  113  8:17  Zerg Ground Armor Level 2  
  112  8:20  Zerg Melee Weapons Level 2, Infestation Pit  
  112  8:24  Overlord x3  
  112  8:25  Overlord  
  111  8:27  Overseer x2  
  111  8:58  Zergling x32  
  111  8:59  Zergling x4  
  129  9:04  Hive  
  129  9:11  Mutalisk x5  
  139  9:18  Drone  
  140  9:25  Drone x2  
  140  9:28  Drone  
  140  9:29  Drone  
  144  9:34  Drone  
  144  9:37  Drone  
  146  9:40  Drone  
  146  9:44  Drone  
  148  9:50  Drone x3  
  151  9:55  Overlord x2  
  151  9:56  Overlord x2  
  151  10:13  Queen  
  153  10:18  Zergling x2  
  153  10:19  Zergling x6  
  157  10:23  Baneling x5  
  157  10:24  Baneling x9  
  157  10:25  Baneling x6  
  157  10:28  Zergling x26  
  170  10:38  Ultralisk Cavern  
  169  10:52  Hatchery, Baneling x2  
  169  10:53  Baneling x15  
  169  10:56  Adrenal Glands  
  168  11:00  Zerg Melee Weapons Level 3  
  168  11:06  Zerg Ground Armor Level 3  
  168  11:25  Chitinous Plating  
  168  11:44  Overlord x2  
  168  11:45  Overlord x3  
  168  11:46  Hatchery  
  167  12:19  Ultralisk x4  
  167  12:20  Ultralisk  
  167  12:22  Zergling x6  
Tags
 
Add a new tag
Caveats
  • Supply blocks, unpowered buildings, or Contaminate may cause inaccurate times.
  • Supply counts are checked every 10 seconds.